cohdb
Replays
Latest Replays
All Replays
Popular Replays
Top Player Replays
Match Explorer
How It Works
Community
CoH3 Stats
Reddit
Sign in to upload your games and track your stats! →
Sign in with Steam
Match 46508864
Unlisted
Match 46508864
Overview
Messages
Build Orders
End
Construct Infanterie Kompanie
Selects Luftwaffe Battlegroup
Selects Luftwaffe Pioneer Support
Fallschirmpioneer Squad Paradrop
Grenadier Squad
MG 42 Machine Gun Team
Grenadier Squad
Selects Stuka Strafing Run
Construct Panzergrenadier Kompanie
Selects Fallschirmjäger Squad Paradrop
Panzergrenadier Squad
Selects LG40 Recoilless Gun Paradrop
MG 42 Machine Gun Team
Support Elements
StuG III G Assault Gun
JAGtttt
Yunivor
Herr Blautier
EPHX_Valkyrion
0
0
Comments
sign in to comment!
No comments posted yet!